 Dungeon Crawl Stone Soup version 0.23.1-37-gaa34b87 (webtiles) character file.

Game seed: 14489985654538238764

3370 Borgoz the Sneak (level 10, 0/79 HPs)
             Began as a Ghoul Enchanter on Mar 21, 2019.
             Was a Follower of Ashenzari.
             Slain by a yak (6 damage)
             ... on level 8 of the Dungeon.
             The game lasted 00:17:17 (7972 turns).

Borgoz the Sneak (Ghoul Enchanter)                  Turns: 7972, Time: 00:17:18

Health: 0/79       AC:  6    Str: 16    XL:     10   Next: 3%
Magic:  23/23      EV: 14    Int:  8    God:    Ashenzari [*.....]
Gold:   431        SH:  0    Dex: 12    Spells: 9/16 levels left

rFire    . . .     SeeInvis +   a - +2 short sword (venom)
rCold    + + .     Gourm    .   (no shield)
rNeg     + + +     Faith    .   q - +1 robe of the Maze {rC+ MR+ Str+3 Int-2 SInv}
rPois    ∞         Spirit   .   (no helmet)
rElec    .         Reflect  .   r - +2 cloak
rCorr    .         Harm     .   (no gloves)
MR       +....                  (no boots)
Stlth    +++.......             (no amulet)
HPRegen  0.00/turn              k - ring of magical power
MPRegen  0.18/turn              w - +1 ring of slaying

@: rotting
A: rotting body, claws 1, carnivore, cold resistance 1, negative energy
resistance 3, inhibited regeneration, torment resistance, unbreathing
a: Curse Item, Scrying, Renounce Religion


You were on level 8 of the Dungeon.
You worshipped Ashenzari.
Ashenzari was aware of your devotion.
You were not hungry.

You visited 2 branches of the dungeon, and saw 9 of its levels.

You collected 431 gold pieces.

Inventory:

Hand Weapons
 a - a +2 short sword of venom (weapon)
 b - a +2 dagger of draining
 h - a +0 dagger of speed
 j - a +2 rapier
 u - a +1 dagger of venom
 B - a +2 dagger of freezing
Missiles
 o - a throwing net (quivered)
Armour
 e - a +0 ring mail
 q - the +1 robe of the Maze (worn) {rC+ MR+ Str+3 Int-2 SInv}
   (You found it on level 4 of the Dungeon)

   It affects your strength (+3).
   It affects your intelligence (-2).
   It protects you from cold.
   It affects your resistance to hostile enchantments.
   It lets you see invisible.
 r - a +2 cloak (worn)
Jewellery
 k - a ring of magical power (left claw)
 m - an uncursed ring of fire
 v - an uncursed ring of resist corrosion
 w - a +1 ring of slaying (right claw)
Wands
 s - a wand of iceblast (13)
 A - a wand of flame (10)
Scrolls
 f - 5 scrolls of identify
 g - 2 scrolls of teleportation
 i - 3 scrolls of remove curse
 t - a scroll of blinking
 x - a scroll of magic mapping
 y - a scroll of enchant armour {unknown}
 C - a scroll of immolation {unknown}
Potions
 c - a potion of brilliance
 l - 7 potions of curing
 n - 2 potions of haste
 p - a potion of flight {unknown}
Comestibles
 d - 18 rations
 z - a chunk of flesh


   Skills:
 + Level 4.2 Fighting
 * Level 5.4 Short Blades
 * Level 5.3 Armour
 * Level 5.5 Dodging
 + Level 5.8 Stealth
 + Level 3.8 Spellcasting
 * Level 5.5 Hexes


You had 9 spell levels left.
You knew the following spells:

 Your Spells              Type           Power        Failure   Level  Hunger
a - Corona                Hex            ##.....      3%          1    #......
b - Ensorcelled Hibernat  Hex/Ice        #.....       14%         2    ###....
c - Confuse               Hex            ##......     9%          3    ###....
d - Confusing Touch       Hex            ##....       3%          1    #......

Your spell library contained the following spells:

 Spells                   Type           Power        Failure   Level  Hunger
 Tukima's Dance           Hex            ##......     9%          3    ###....
 Dazzling Spray           Conj/Hex       #.....       28%         3    ###....
 Animate Skeleton         Necr           N/A          30%         1    #......
 Apportation              Tloc           #.....       30%         1    #......
 Summon Small Mammal      Summ           #...         30%         1    #......


Dungeon Overview and Level Annotations

Branches:
Dungeon (8/15)             Temple (1/1) D:5
   Lair: D:8-11

Altars:
Ashenzari
Cheibriados
Dithmenos
Elyvilon
Fedhas
Gozag
Hepliaklqana
Makhleb
Nemelex Xobeh
Okawaru
Qazlal
Ru
Sif Muna
Trog
Uskayaw
Vehumet
Wu Jian
Xom
Yredelemnul
Zin
The Shining One

Shops:
D:6 (


Innate Abilities, Weirdness & Mutations

Your body is rotting away.
You thrive on raw meat.
You are immune to poison.
You have sharp fingernails.
You are carnivorous and can eat meat at any time.
Your flesh is cold resistant. (rC+)
You are immune to negative energy. (rN+++)
You do not regenerate when monsters are visible.
You are immune to unholy pain and torment.
You can survive without breathing.


Message History

You hit the hornet zombie.
The hornet zombie is severely damaged.
The hornet zombie closely misses you.
You hit the hornet zombie.
The hornet zombie is severely damaged.
The hornet zombie misses you.
You closely miss the hornet zombie.
The hornet zombie is severely damaged.
The hornet zombie closely misses you.
Eat one of 2 chunks of flesh? (ye/n/q)
You eat one of the 2 chunks of flesh.
This raw flesh tastes great!
The hornet zombie misses you. The hornet zombie hits you!
You closely miss the yak. The yak gores you!
* * * LOW HITPOINT WARNING * * *
The hornet zombie hits you!
* * * LOW HITPOINT WARNING * * *
You hit the yak.
The yak is poisoned.
The yak is lightly wounded.
The yak gores you.
You die...

...........###......#
...........##..#$$#
............Y..$#
..#...###...y..$#
..#...###..##..#$$#
............##......
.............##....#
.###...#...#..######
.......+...+..yZ@.#
...#...#...###.##Y#
..................#
...#............#.#
...#............#.#
##.#............#.#
##.#............#.#
##...........#.##.########
##.......................#


You could see a yak, a killer bee and a hornet zombie.

Vanquished Creatures
  Pikel (D:3)
  A spriggan (D:7)
  Eustachio (D:6)
  2 hungry ghosts (D:7)
  A sky beast (D:7)
  A slave (D:3)
  2 black bears
  An orc warrior (D:8)
  An ice beast (D:5)
  3 ogres
  A centaur (D:5)
  7 bullfrogs
  A scorpion (D:5)
  A howler monkey (D:4)
  4 crimson imps
  3 bullfrog zombies
  A quasit (D:7)
  3 orc priests
  A centaur skeleton (D:7)
  3 hounds
  2 jellies (D:5)
  An iguana (D:5)
  2 orc wizards
  2 worker ants
  A hound zombie (D:5)
  A hound skeleton (D:7)
  2 worker ant zombies
  Robin (D:4)
  10 adders
  4 gnolls (D:3)
  4 shadow imps
  An ooze (D:4)
  An adder skeleton (D:4)
  5 worms
  A dart slug (D:2)
  4 leopard geckos
  14 orcs
  4 giant cockroaches
  23 goblins
  10 hobgoblins
  3 jackals (D:7)
  4 kobolds
  4 quokkas
  A ball python (D:3)
  A ball python skeleton (D:5)
  10 bats
  5 frilled lizards
  2 quokka skeletons
  A quokka zombie (D:6)
  6 rats
169 creatures vanquished.

Notes
Turn   | Place    | Note
-------+----------+-------------------------------------------
     0 | D:1      | Borgoz the Ghoul Enchanter began the quest for the Orb.
     0 | D:1      | Reached XP level 1. HP: 14/14 MP: 2/2
   265 | D:1      | Reached skill level 1 in Short Blades
   346 | D:1      | Reached XP level 2. HP: 18/20 MP: 3/3
   793 | D:1      | Reached XP level 3. HP: 23/26 MP: 4/4
   839 | D:1      | Reached skill level 1 in Armour
   991 | D:1      | Learned a level 2 spell: Ensorcelled Hibernation
  1230 | D:2      | Found an iron altar of Okawaru.
  1362 | D:2      | Reached XP level 4. HP: 24/34 MP: 4/6
  1476 | D:2      | Reached skill level 1 in Fighting
  1757 | D:2      | Found a white marble altar of Elyvilon.
  1825 | D:2      | Found a blossoming altar of Fedhas.
  2080 | D:3      | Found a transporter.
  2103 | D:3      | Reached XP level 5. HP: 32/39 MP: 7/7
  2163 | D:3      | Noticed a black bear
  2185 | D:4      | Reached XP level 6. HP: 14/48 MP: 8/8
  2193 | D:4      | Got a wizard robe
  2349 | D:4      | Noticed Robin
  2373 | D:4      | Killed Robin
  2454 | D:4      | Noticed a slave
  2667 | D:4      | Identified the +1 robe of the Maze {rC+ MR+ Str+3 Int-2
                  | SInv} (You found it on level 4 of the Dungeon)
  2833 | D:4      | Noticed a slave
  2834 | D:4      | Noticed a slave
  2835 | D:4      | Noticed a slave
  2835 | D:4      | Noticed Pikel
  2871 | D:3      | Killed a slave
  3035 | D:3      | Killed a black bear
  3035 | D:3      | Reached XP level 7. HP: 45/54 MP: 6/9
  3093 | D:3      | Found a transporter.
  3482 | D:3      | Killed Pikel
  3482 | D:3      | Reached XP level 8. HP: 39/62 MP: 9/11
  4154 | D:5      | Entered Level 5 of the Dungeon
  4267 | D:5      | Found an ornate altar of the Wu Jian Council.
  4390 | D:5      | Reached skill level 5 in Stealth
  4911 | D:5      | Found a staircase to the Ecumenical Temple.
  4925 | Temple   | Entered the Ecumenical Temple
  5072 | Temple   | Became a worshipper of Ashenzari the Shackled
  5261 | D:5      | Reached XP level 9. HP: 69/69 MP: 12/12
  5602 | D:6      | Found Osodaur's Weapon Emporium.
  5653 | D:6      | Noticed Eustachio
  5669 | D:6      | Killed Eustachio
  5892 | D:6      | Learned a level 3 spell: Confuse
  5894 | D:6      | Learned a level 1 spell: Confusing Touch
  5954 | D:6      | Reached skill level 5 in Hexes
  5965 | D:5      | Noticed a rust devil
  5965 | D:5      | Noticed a rust devil
  6429 | D:7      | Reached skill level 5 in Dodging
  6542 | D:7      | Reached skill level 5 in Short Blades
  6921 | D:7      | Reached skill level 5 in Armour
  7420 | D:7      | Reached * piety under Ashenzari
  7672 | D:8      | Found a shimmering altar of Xom.
  7753 | D:8      | Reached XP level 10. HP: 30/78 MP: 14/14
  7972 | D:8      | Slain by a yak

Skill      XL: |  1  2  3  4  5  6  7  8  9 |
---------------+----------------------------+-----
Short Blades   | 1 2 3 4 5 |  5.4
Dodging        | 2 3 4 5 |  5.5
Armour         | 1 2 3 4 5 |  5.3
Spellcasting   | 2 3 |  3.8
Fighting       | 1 2 3 4 |  4.2
Hexes          | 3 4 5 |  5.5
Stealth        | 4 5 |  5.8

Action                   |  1- 3 |  4- 6 |  7- 9 | 10-12 || total
-------------------------+-------+-------+-------+-------++-------
Melee: Dagger            |   194 |   213 |       |       ||   407
       Short sword       |       |     5 |   413 |    26 ||   444
 Cast: Ensorcelled Hiber |       |     1 |       |       ||     1
       Confusing Touch   |       |       |     4 |       ||     4
Evoke: Wand              |       |       |    10 |       ||    10
  Use: Scroll            |     2 |     4 |     8 |       ||    14
       Potion            |     1 |       |     6 |       ||     7
 Stab: Sleeping          |     2 |     1 |    10 |     1 ||    14
  Eat: Chunk             |     8 |     9 |    19 |     9 ||    45
Armor: Ring mail         |   115 |    52 |       |       ||   167
       Robe              |       |    35 |   141 |     8 ||   184
Dodge: Dodged            |   122 |   128 |   324 |    18 ||   592
